Map: Disco Bloodbath LE

Players

ShoWTimE

  • Race: Protoss Protoss
  • Spawn Location: 3:00

Harstem - Winner!

  • Race: Protoss Protoss
  • Spawn Location: 9:00

VOD

Have the link to the VOD?

Description

Time

  • Played on: Sept. 6, 2019, 9:52 p.m.
  • Length: 7:46
Show
View Real Time Build Order
Export as new Build Order

ShoWTimE Protoss 

Build Orders: Phoenix Opening, Colossus Rush 

Get SALT Encoding   

  12  0:00  Probe  
  13  0:12  Probe  
  14  0:17  Pylon  
  14  0:24  Probe  
  15  0:32  Probe  
  15  0:36  Gateway  
  15  0:40  Probe  
  16  0:45  Assimilator  
  17  0:51  Probe  
  17  0:53  Assimilator  
  18  0:59  Probe  
  19  1:07  Probe  
  19  1:10  Gateway  
  19  1:17  Probe  
  20  1:23  Cybernetics Core  
  21  1:29  Probe  
  22  1:34  Pylon  
  22  1:41  Probe  
  23  1:53  Probe  
  24  1:59  Sentry, Stalker  
  24  2:00  Warp Gate  
  28  2:15  Pylon  
  28  2:26  Pylon  
  28  2:27  Stalker  
  30  2:30  Stalker  
  30  2:33  Phoenix  
  31  2:39  Robotics Facility  
  31  2:42  Gateway  
  31  2:48  Shield Battery  
  31  3:00  Stalker  
  31  3:03  Stalker  
  35  3:18  Shield Battery, Warp Prism  
  35  3:22  Probe  
  38  3:34  Pylon  
  38  3:51  Nexus  
  38  3:53  Probe  
  39  4:03  Observer  
  39  4:05  Probe  
  39  4:07  Robotics Bay  
  41  4:18  Probe  
  41  4:20  Immortal  
  42  4:30  Probe  
  47  4:39  Pylon  
  47  4:45  Colossus  
  47  4:47  Probe  
  47  4:52  Pylon  
  46  5:03  Probe  
  53  5:17  Adept x2  
  57  5:22  Shield Battery  
  55  5:39  Gateway  
  55  5:40  Gateway  
  55  5:42  Sentry x2  
  59  5:52  Gateway  
  59  5:55  Probe x2  
  61  6:05  Adept  
  61  6:06  Adept  
  67  6:13  Pylon  
  65  6:32  Adept x2  
  67  6:34  Probe, Sentry x2  
  67  6:35  Probe  
  69  6:46  Probe, Stalker  
  68  6:47  Probe  
  65  6:58  Sentry  
  65  7:00  Stalker  
  65  7:01  Adept  
  69  7:02  Zealot  
  65  7:11  Adept  
  65  7:13  Probe  
  65  7:14  Probe  
  59  7:21  Probe  
  59  7:22  Probe  
  59  7:30  Probe  
  59  7:32  Probe  
  59  7:36  Shield Battery  
  65  7:40  Assimilator  
  65  7:43  Stalker  
Show
View Real Time Build Order
Export as new Build Order

Harstem Protoss - Winner!

Build Orders:  

Get SALT Encoding   

  12  0:00  Probe  
  13  0:12  Probe  
  14  0:17  Pylon  
  14  0:25  Probe  
  15  0:33  Probe  
  15  0:35  Gateway  
  15  0:41  Probe  
  16  0:47  Assimilator  
  17  0:52  Probe  
  17  0:55  Assimilator  
  18  1:00  Probe  
  19  1:07  Gateway  
  19  1:09  Probe  
  19  1:18  Probe  
  20  1:23  Cybernetics Core  
  21  1:30  Probe  
  22  1:34  Pylon  
  22  1:42  Probe  
  23  1:54  Probe  
  23  1:56  Warp Gate  
  23  2:00  Adept  
  26  2:05  Adept  
  28  2:15  Pylon  
  28  2:34  Sentry  
  30  2:38  Stalker  
  32  2:44  Nexus  
  32  2:45  Probe  
  33  2:54  Robotics Facility  
  34  2:58  Probe  
  34  3:05  Stalker  
  34  3:11  Pylon  
  36  3:14  Probe  
  37  3:26  Probe  
  38  3:29  Pylon  
  38  3:36  Shield Battery  
  38  3:37  Immortal  
  42  3:48  Sentry  
  42  3:53  Probe  
  45  4:00  Sentry  
  45  4:01  Probe  
  48  4:05  Probe  
  49  4:12  Stalker  
  49  4:13  Probe  
  52  4:17  Probe  
  52  4:21  Observer  
  52  4:23  Pylon  
  53  4:25  Stalker  
  57  4:35  Stalker  
  58  4:40  Probe  
  58  4:43  Probe  
  58  4:52  Probe  
  59  4:53  Immortal  
  59  4:55  Probe  
  59  4:58  Pylon  
  60  5:00  Twilight Council  
  60  5:04  Probe  
  65  5:08  Pylon  
  65  5:09  Probe  
  66  5:20  Probe  
  67  5:24  Blink  
  67  5:28  Probe  
  67  5:32  Gateway  
  67  5:34  Immortal, Gateway, Assimilator  
  64  5:38  Assimilator  
  64  5:40  Probe  
  69  5:52  Shield Battery  
  69  5:54  Zealot  
  71  5:58  Shield Battery  
  71  6:00  Shield Battery, Probe  
  71  6:01  Probe  
  73  6:10  Warp Prism  
  73  6:11  Stalker  
  75  6:13  Pylon  
  77  6:27  Stalker x2  
  81  6:35  Shield Battery  
  81  6:39  Gateway  
  81  6:44  Shield Battery  
  81  6:46  Stalker x2  
  83  7:01  Stalker x2  
  77  7:11  Probe  
  77  7:14  Stalker x2  
  80  7:17  Probe  
  85  7:28  Stalker x2  
  89  7:33  Probe x2  
  89  7:35  Assimilator  
  89  7:36  Forge  
Tags
 
Add a new tag
Caveats
  • Supply blocks, unpowered buildings, or Contaminate may cause inaccurate times.
  • Supply counts are checked every 10 seconds.